 Dungeon Crawl Stone Soup version 0.30-a0-457-g4b7bca3bfa (webtiles) character file.

Game seed: 10167141080923422591

92 McMuffin the Covered (level 4, -4/35 HPs)
             Began as a Demonspawn Fighter on Dec 12, 2022.
             Slain by Sigmund
             ... wielding a +2 scythe of pain
              (5 damage)
             ... on level 2 of the Dungeon.
             The game lasted 00:05:01 (1812 turns).

McMuffin the Covered (Demonspawn Fighter)           Turns: 1812, Time: 00:05:02

Health: -4/35      AC:  8    Str: 19    XL:     4   Next: 35%
Magic:  13/13      EV:  9    Int:  9    God:
Gold:   64         SH:  4    Dex: 12    Spells: 3/3 levels left

rFire   . . .      SeeInvis .    a - +0 war axe
rCold   . . .      Faith    .    c - +0 buckler
rNeg    . . .      Spirit   .    b - +0 scale mail
rPois   .          Reflect  .    l - +0 helmet
rElec   .          Harm     .    (no cloak)
rCorr   .          Rampage  .    (no gloves)
Will    .....                    (no boots)
Stlth   ..........               (no amulet)
HPRegen 0.25/turn                f - ring of magical power
MPRegen 0.26/turn                (no ring)

@: no status effects
A: hooves 2, magic regeneration
a: no special abilities


You were on level 2 of the Dungeon.
You visited 1 branch of the dungeon, and saw 2 of its levels.

You collected 64 gold pieces.

Inventory:

Hand Weapons
 a - a +0 war axe (weapon)
Missiles
 j - a throwing net (quivered)
Armour
 b - a +0 scale mail (worn)
 c - a +0 buckler (worn)
 l - a +0 helmet (worn)
Jewellery
 f - a ring of magical power (left hand)
Scrolls
 h - a scroll of acquirement {unknown}
 i - a scroll of teleportation {unknown}
 k - a scroll of identify {unknown}
Potions
 d - a potion of might
 e - a potion of attraction {unknown}
 g - a potion of brilliance {unknown}
 m - 2 potions of curing {unknown}


   Skills:
 + Level 3.3 Fighting
 + Level 3.0 Axes
 + Level 3.4 Armour
 + Level 0.3 Dodging
 + Level 0.2 Stealth
 + Level 2.9 Shields


You had 3 spell levels left.
You didn't know any spells.
Your spell library was empty.

Dungeon Overview and Level Annotations

Branches:
Dungeon (2/15)

Altars:

Shops:
D:1 =

Annotations:
D:2 Sigmund


Innate Abilities, Weirdness & Mutations

You have hoof-like feet.
You regenerate magic rapidly.


Message History

m - a glowing green potion A goblin comes into view.
It is wielding a +0 club.
Found a glowing green potion.
The goblin shouts!
You hit the goblin. You kick the goblin.
You kill the goblin!
No target in view!
You see here a +0 club.
m - 2 glowing green potions (gained 1)
A frilled lizard comes into view.
You closely miss the frilled lizard. You block the frilled lizard's attack.
You miss the frilled lizard. Your kick misses the frilled lizard.
You block the frilled lizard's attack. The frilled lizard bites you.
You miss the frilled lizard. You kick the frilled lizard.
You kill the frilled lizard!
No target in view!
You see here a frilled lizard corpse.
You see here a +0 dagger.
Done exploring.
Done exploring.
You see here a frilled lizard corpse.
Things that are here:
a +0 short sword; a stone Sigmund shouts!
You see here a +0 club.
Sigmund laughs darkly.
Sigmund casts a spell at you. The puff of flame hits you.
Sigmund mumbles some strange words.
Sigmund flickers and vanishes!
Deactivating autopickup; reactivate with Ctrl-A.
Something hits you!
You writhe in agony.
You see here a +0 club.
Something hits you!
You writhe in agony.
Things that are here:
a +0 short sword; 3 stones You barely miss something.
Your kick misses something. Something hits you!
* * * LOW HITPOINT WARNING * * *
You slash something! Your kick misses something. Something hits you.
You die...

#
#........###########..).......
#
#.####.#..........##.##.......
#
#<.)...##########.##.##.......
# #.###### #.##.##.......
####.# #.##.######### ##...#
#.##.# ##.#.# #.##.#
##...###############.##.#
...............{@)......#
##...######.##..####.##†#
##.............#.# #.##.#
.........##.....##
#.##.#########
##.#.###.#####.##
#.##.......... #.#.#
#.#####.#####.############
#.#<# #..........##.#
##.#.#########.##.##.#
#....##..>..##.##.##.#


There were no monsters in sight!

Vanquished Creatures
  A gnoll (D:1)
  3 adders (D:2)
  2 dart slugs (D:1)
  5 endoplasms
  3 giant cockroaches
  5 goblins
  5 hobgoblins
  2 jackals (D:2)
  7 kobolds
  A quokka (D:2)
  3 ball pythons
  4 bats
  6 frilled lizards
  3 rats (D:1)
50 creatures vanquished.

Notes
Turn   | Place    | Note
-------+----------+-------------------------------------------
     0 | D:1      | McMuffin the Demonspawn Fighter began the quest for the
                  | Orb.
     0 | D:1      | Reached XP level 1. HP: 18/18 MP: 1/1
    85 | D:1      | Found Doofacig's Jewellery Shoppe.
   121 | D:1      | Gained mutation: You regenerate magic rapidly. [demonic
                  | ancestry]
   121 | D:1      | Reached XP level 2. HP: 24/24 MP: 2/2
   132 | D:1      | Found a faded altar of an unknown god.
   339 | D:1      | Gained mutation: You have large cloven feet. [demonic
                  | ancestry]
   339 | D:1      | Reached XP level 3. HP: 25/29 MP: 3/3
   953 | D:2      | Noticed Sigmund
  1422 | D:2      | Gained mutation: You have hoof-like feet. [demonic
                  | ancestry]
  1422 | D:2      | Reached XP level 4. HP: 32/35 MP: 4/4
  1811 | D:2      | HP: 1/35 [something (12)]
  1812 | D:2      | Slain by Sigmund

Illustrated notes

Levels and vault maps discovered:
D:1:      roderic_crossed_star, layout_loops_ring, serial_shops,
          nicolae_shop_temple_entry_statues_fountains, basic_ecumenical_altar,
          roderic_roman_lattice
D:2:      layout_loops_ring, uniq_sigmund

Skill      XL: |  1  2  3  4 |
---------------+-------------+-----
Axes           | 2 3 |  3.0
Armour         | 3 |  3.4
Fighting       | |  3.3
Dodging        | |  0.3
Stealth        | |  0.2
Shields        | |  2.9

Action                   |  1- 3 |  4- 6 || total
-------------------------+-------+-------++-------
Melee: War axe           |   117 |    21 ||   138
       Kick              |    15 |     6 ||    21
Armor: Scale mail        |    50 |     4 ||    54
Dodge: Dodged            |    52 |     6 ||    58
Block: Buckler           |    17 |     5 ||    22

Table legend: (Time is in decaauts)
 A = Elapsed time spent in this place.
 B = Non-inter-level travel time spent in this place.
 C = Inter-level travel time spent in this place.
 D = Time resting spent in this place.
 E = Time spent auto-exploring this place.
 F = Levels seen in this place.
 G = Mean time per level.
                   A        B        C        D        E       F      G
               +--------+--------+--------+--------+--------+-----+--------+
         Total |   1869 |   1856 |     13 |      0 |   1153 |   2 |  934.5 |
       Dungeon |   1869 |   1856 |     13 |      0 |   1153 |   2 |  934.5 |
               +--------+--------+--------+--------+--------+-----+--------+

Top non-repeatable levels by time:
     D:2: 940 daAuts
     D:1: 929 daAuts
